 Dungeon Crawl Stone Soup version 0.32-a0-18-g89e19f1974 (webtiles) character file.

Game seed: 3927849623288544796

24506 KarmaKiller the Cleaver (level 12, -2/144 HPs)
             Began as a Demonspawn Berserker on Jan 16, 2024.
             Was a High Priest of Trog.
             Hit by a large rock thrown by a cyclops (32 damage)
             ... on level 13 of the Dungeon.
             The game lasted 01:19:53 (15490 turns).

KarmaKiller the Cleaver (Demonspawn Berserker)     Turns: 15490, Time: 01:19:54

Health: -2/144     AC: 28    Str: 21    XL:     12   Next: 81%
Magic:  12/12      EV: 13    Int:  7    God:    Trog [*****.]
Gold:   704        SH:  0    Dex: 15    Spells: 11/11 levels left

rFire   . . .        x - +8 war axe (freeze)
rCold   . . .        (no shield)
rNeg    . . .        G - +1 plate armour
rPois   .            (helmet restricted)
rElec   .            t - +1 cloak
rCorr   .            (no gloves)
SInv    .            W - +0 pair of boots
Will    .....        b - amulet of regeneration Stlth
                     c - ring of flight
HPRegen 1.24/turn    r - +5 ring of evasion
MPRegen 0.13/turn

%: no passive effects
@: berserking, sanguine armoured, flying, very quick
A: horns 1, demonic guardian 1, powered by pain 2, sanguine armour 2
a: Renounce Religion, Berserk, Trog's Hand, Brothers in Arms


You were on level 13 of the Dungeon.
You worshipped Trog.
Trog was extremely pleased with you.
You visited 1 branch of the dungeon, and saw 14 of its levels.
You also visited: Gauntlet.

You collected 830 gold pieces.
You spent 126 gold pieces at shops.

Inventory:

Hand Weapons
 a - a +2 mace of draining
 l - a +1 heavy mace
 s - a +4 quarterstaff of chaos
 x - a +8 war axe of freezing (weapon)
 y - a +0 flail of protection
 z - a +1 dire flail
 I - the +2 quarterstaff of a volcano {drain, rElec rPois}
   (You found it on level 9 of the Dungeon)

   rElec:     It insulates you from electricity.
   rPois:     It protects you from poison
 N - a +4 scimitar of flaming
Missiles
 g - 20 poisoned darts
 C - 2 throwing nets
 O - 5 curare-tipped darts
 Q - a javelin (quivered)
Armour
 e - a +1 chain mail of cold resistance
 f - an orb of guile
 t - a +1 cloak (worn)
 G - a +1 plate armour (worn)
 W - a +0 pair of boots (worn)
Jewellery
 b - an amulet of regeneration (around neck)
 c - a ring of flight (left hand)
 q - a ring of protection from cold
 r - a +5 ring of evasion (right hand)
 L - a ring of poison resistance
 S - a ring of ice
 T - an amulet of magic regeneration
 U - an amulet of the acrobat
Talismans
 F - a maw talisman
 J - a flux talisman
Wands
 d - a wand of polymorph (24)
 j - a wand of paralysis (7)
 k - a wand of iceblast (9)
 p - a wand of mindburst (18)
 D - a wand of digging (5)
 M - a wand of acid (14)
Scrolls
 h - 3 scrolls of noise
 E - 3 scrolls of teleportation
 R - a scroll of poison
 V - a scroll of summoning
 X - a scroll of vulnerability {unknown}
Potions
 i - 2 potions of brilliance
 m - 2 potions of resistance {unknown}
 n - 4 potions of mutation
 o - 2 potions of attraction
 u - 3 potions of degeneration
 v - a potion of lignification {unknown}
 w - 2 potions of magic
 A - a potion of curing
 B - 4 potions of enlightenment
 H - a potion of heal wounds {unknown}
 K - 3 potions of might
 P - a potion of haste {unknown}


   Skills:
 + Level 9.5 Fighting
 + Level 11.5(12.6) Axes
 + Level 8.5(11.2) Maces & Flails
 + Level 1.7 Throwing
 + Level 10.7 Armour
 + Level 4.2 Dodging
 + Level 1.4 Stealth
 + Level 3.0 Unarmed Combat


You had 11 spell levels left.
You didn't know any spells.
Your spell library was empty.

Dungeon Overview and Level Annotations

Branches:
Dungeon (14/15)            Temple (0/1) D:4            Lair (0/5) D:8
    Orc (0/2) D:9          Vaults (0/5) D:13        Gauntlet (visited)

Altars:
Ashenzari
Cheibriados
Kikubaaqudgha
Nemelex Xobeh
Okawaru
Sif Muna
Uskayaw
Vehumet
Wu Jian
Xom
Yredelemnul

Shops:
D:11 *


Innate Abilities, Weirdness & Mutations

You have a pair of small horns on your head.
A weak demonic guardian rushes to your aid.
You sometimes gain power by taking damage.
When seriously injured, your blood forms thick armour. (AC +9)


Message History

The howler monkey howls!
The howler monkey hits you but does no damage.
There is a stone staircase leading down, spattered with blood here.
You slash the howler monkey! You freeze the howler monkey.
The howler monkey is almost dead.
The howler monkey hits you but does no damage.
You slash the howler monkey! You freeze the howler monkey.
You kill the howler monkey!
Trog accepts your kill.
A vampire comes into view.
You see here a howler monkey corpse.
The vampire casts a spell.
The vampire flickers and vanishes!
Deactivating autopickup; reactivate with Ctrl-A.
A cyclops comes into view.
The cyclops shouts!
You hear some strange, mumbled words.
Something tries to affect you, but you resist.
The cyclops throws a large rock.
The large rock barely misses you.
You see here a +0 short sword.
Something hits you but does no damage. Something bites you!
Something draws strength from your injuries!
Something hits you. Something bites you.
Something draws strength from your injuries!
The cyclops throws a large rock.
The large rock hits you!!
Your blood congeals into armour.
You barely miss something. Something hits you! Something bites you!
Something draws strength from your injuries!
The cyclops throws a large rock.
The large rock hits you.
You slash something! You freeze something. Your headbutt misses something.
Something hits you but does no damage. Something barely misses you.
A red film seems to cover your vision as you go berserk!
You feel yourself moving faster!
You feel mighty! Something barely misses you. Something bites you.
Something draws strength from your injuries!
You slice something!! Your punch misses something.
Something draws life force from you!
* * * LOW HITPOINT WARNING * * *
You barely miss something.
The cyclops throws a large rock.
The large rock hits you!!
You die...

#### .#.# ####...
...#######
##.....#.###........#
#......#.#..........#
#.......~#.#........#
.......~~~.#........#
......~~~~~#........#
.....~~~~~~C....@...####
......~~~~~~~##{.).....#
......~~~~~~# #........#
......~~~~~## #........#
.#.....~~...###........#
...###.#~.<......†.....#
.......÷.........>.....#
......#)....##.)......[#
......'................#


You could see a cyclops.

Vanquished Creatures
  Snorg (D:10)
  A hydra (D:13)
  A boulder beetle (D:12)
  2 centaur warriors (D:13)
  Erica (D:10)
  A two-headed ogre (D:12)
  Sonja (D:10)
  An arcanist (D:13)
  A deep elf pyromancer (D:12)
  Pikel (D:5)
  2 cyclopes
  An ugly thing (D:13)
  Joseph (D:11)
  A gargoyle (D:13)
  An unseen horror (D:11)
  2 komodo dragons
  2 trolls
  4 hornets
  4 shadows
  7 slime creatures (D:12)
  A vampire (D:11)
  A wyvern (D:5)
  A fire bat (D:9)
  A water elemental (D:13)
  Eustachio (D:6)
  25 yaks
  4 wraiths
  2 vampire mosquitoes (D:13)
  4 steam dragons
  4 water moccasins
  2 acid dragons
  A hell hound (D:9)
  8 orc warriors
  2 ice beasts
  A sky beast (D:9)
  4 laughing skulls (D:13)
  3 ogres (D:10)
  2 wolves (D:8)
  8 centaurs
  A lemure (D:5)
  A phantom (D:4)
  2 bullfrogs
  A kobold brigand (D:10)
  5 scorpions
  A gnoll sergeant (D:7)
  3 wights (D:7)
  13 killer bees
  3 electric eels (D:13)
  A howler monkey (D:13)
  A bombardier beetle (D:3)
  4 jellies
  Crazy Yiuf (D:4)
  4 hounds
  9 orc priests
  6 gnoll boudas
  2 sleepcaps
  17 orc wizards
  2 adders
  20 gnolls
  2 shadow imps
  2 white imps
  4 ribbon worms
  3 dart slugs
  31 orcs
  16 bats
  5 endoplasms
  5 giant cockroaches
  11 hobgoblins
  4 jackals (D:4)
  4 quokkas
  9 ball pythons
  6 frilled lizards
  8 goblins
  7 kobolds
  3 rats
328 creatures vanquished.

Vanquished Creatures (collateral kills)
  2 slime creatures (D:12)
  A scorpion (D:5)
  A killer bee (D:9)
  An orc wizard (D:5)
  A goblin (D:1)
  A ball python (D:1)
7 creatures vanquished.

Grand Total: 335 creatures vanquished

Notes
Turn   | Place    | Note
-------+----------+-------------------------------------------
     0 | D:1      | KarmaKiller the Demonspawn Berserker began the quest for
                  | the Orb.
     0 | D:1      | Reached XP level 1. HP: 18/18 MP: 1/1
   231 | D:1      | Gained mutation: A weak demonic guardian rushes to your
                  | aid. [demonic ancestry]
   231 | D:1      | Reached XP level 2. HP: 21/24 MP: 2/2
   734 | D:1      | Reached ** piety under Trog
   808 | D:1      | Reached XP level 3. HP: 28/29 MP: 3/3
   831 | D:1      | Reached skill level 1 in Maces & Flails
  1155 | D:2      | Reached XP level 4. HP: 19/35 MP: 4/4
  1966 | D:2      | You are sucked into a shaft and drop 1 floor!
  2008 | D:3      | Gained mutation: You sometimes gain a little power by
                  | taking damage. [demonic ancestry]
  2008 | D:3      | Reached XP level 5. HP: 41/41 MP: 5/5
  2018 | D:3      | Reached *** piety under Trog
  3140 | D:3      | You are sucked into a shaft and drop 2 floors!
  3140 | D:5      | Entered Level 5 of the Dungeon
  3189 | D:5      | Noticed a wyvern
  3198 | D:5      | Killed a wyvern
  3199 | D:5      | Gained mutation: When seriously injured, your blood forms
                  | armour. (AC +9) [demonic ancestry]
  3199 | D:5      | Reached XP level 6. HP: 48/48 MP: 6/6
  3320 | D:5      | Noticed Pikel
  3343 | D:5      | Paralysed by Pikel for 5 turns
  3351 | D:5      | Paralysed by Pikel for 4 turns
  3372 | D:5      | Paralysed by Pikel for 2 turns
  3376 | D:5      | Killed Pikel
  3377 | D:5      | Reached skill level 5 in Maces & Flails
  3377 | D:5      | Reached XP level 7. HP: 40/55 MP: 7/7
  3522 | D:5      | Found a basalt altar of Yredelemnul.
  3690 | D:5      | Reached XP level 8. HP: 25/61 MP: 8/8
  3911 | D:5      | Reached skill level 5 in Armour
  4973 | D:4      | Found an iron altar of Okawaru.
  5055 | D:4      | Reached **** piety under Trog
  5137 | D:4      | Found a sparkling altar of Nemelex Xobeh.
  5182 | D:4      | Found a staircase to the Ecumenical Temple.
  5260 | D:4      | Found a broken altar of Ashenzari.
  5506 | D:4      | Reached skill level 5 in Fighting
  5827 | D:4      | Found a runed translucent door.
  5828 | D:4      | Noticed Crazy Yiuf
  5834 | D:4      | Killed Crazy Yiuf
  6263 | D:4      | You are sucked into a shaft and drop 2 floors!
  6283 | D:6      | Found a snail-covered altar of Cheibriados.
  6504 | D:6      | Found an ornate altar of the Wu Jian Council.
  6686 | D:6      | Reached XP level 9. HP: 68/68 MP: 9/9
  6686 | D:6      | Noticed Eustachio
  6700 | D:6      | Killed Eustachio
  7016 | D:6      | Noticed a +0 dagger
  7017 | D:6      | Noticed a +0 hand axe
  7028 | D:6      | Reached skill level 1 in Stealth
  7064 | D:6      | Found a hide-covered altar of Uskayaw.
  8813 | D:8      | Reached skill level 1 in Axes
  8879 | D:8      | Reached skill level 2 in Axes
  8881 | D:8      | Gained mutation: When seriously injured, your blood forms
                  | thick armour. (AC +9) [demonic ancestry]
  8881 | D:8      | Reached XP level 10. HP: 76/76 MP: 10/10
  8928 | D:8      | Found a staircase to the Lair.
  8942 | D:8      | Reached skill level 3 in Axes
  9150 | D:8      | Paralysed by a hornet for 1 turns
  9154 | D:8      | Reached skill level 4 in Axes
  9658 | D:8      | Reached skill level 5 in Axes
  9818 | D:9      | Reached skill level 6 in Axes
  9901 | D:9      | Reached ***** piety under Trog
  9903 | D:9      | Found a shimmering altar of Xom.
 10116 | D:9      | Paralysed by a hornet for 3 turns
 10207 | D:9      | Found a staircase to the Orcish Mines.
 10471 | D:9      | Gained mutation: You sometimes gain power by taking damage.
                  | [demonic ancestry]
 10471 | D:9      | Reached XP level 11. HP: 84/84 MP: 11/11
 10657 | D:9      | Reached skill level 7 in Axes
 10686 | D:9      | Identified the +2 quarterstaff of a volcano {drain, rElec
                  | rPois}
 10877 | D:10     | Entered Level 10 of the Dungeon
 10896 | D:10     | Noticed Sonja
 10902 | D:10     | Noticed Erica
 10907 | D:10     | Killed Sonja
 10912 | D:10     | Killed Erica
 11325 | D:10     | Reached skill level 1 in Throwing
 11332 | D:10     | Reached skill level 8 in Axes
 11988 | D:10     | Noticed Snorg
 12001 | D:10     | Killed Snorg
 12139 | D:10     | Found an ancient bone altar of Kikubaaqudgha.
 12159 | D:10     | Found a radiant altar of Vehumet.
 12175 | D:10     | Found a shimmering blue altar of Sif Muna.
 12655 | D:11     | Found Kylig's General Store.
 12730 | D:11     | Bought a scroll of enchant weapon for 82 gold pieces
 12730 | D:11     | Bought a potion of might for 44 gold pieces
 12811 | D:11     | Reached skill level 9 in Axes
 13253 | D:11     | Noticed Joseph
 13269 | D:11     | Killed Joseph
 13476 | D:12     | Noticed a deep elf pyromancer
 13481 | D:12     | Killed a deep elf pyromancer
 13482 | D:12     | Reached skill level 10 in Armour
 13484 | D:12     | Found a gate leading to a gauntlet.
 13493 | D:12     | Gained mutation: You have a pair of small horns on your
                  | head. [demonic ancestry]
 13493 | D:12     | Reached XP level 12. HP: 78/94 MP: 12/12
 13572 | Gauntlet | Entered a Gauntlet
 13572 | Gauntlet | Found a transporter.
 13572 | Gauntlet | Found a transporter.
 13572 | Gauntlet | Found a transporter.
 13573 | Gauntlet | Found a transporter.
 13588 | D:12     | Identified the +0 helmet of Shrieking Surprise {rPois
                  | Dex+4}
 13846 | D:12     | Reached skill level 10 in Axes
 13973 | D:12     | Noticed a two-headed ogre
 13982 | D:12     | Killed a two-headed ogre
 14036 | D:12     | Noticed a boulder beetle
 14087 | D:12     | Killed a boulder beetle
 14459 | D:13     | Noticed a centaur warrior
 14555 | D:13     | Killed a centaur warrior
 14672 | D:13     | Identified the +0 chain mail of Beogh's Castigation {rC-
                  | rCorr Dex+3}
 14964 | D:13     | Reached skill level 11 in Axes
 14987 | D:13     | Noticed a centaur warrior
 15001 | D:13     | Killed a centaur warrior
 15128 | D:13     | Noticed a five-headed hydra
 15139 | D:13     | Killed a 13-headed hydra
 15201 | D:13     | Found a gate to the Vaults.
 15490 | D:13     | Hit by a large rock thrown by a cyclops

Illustrated notes

Levels and vault maps discovered:
D:1:      giann_forest_graveyard, layout_basic, minmay_misc_feat_iff,
          chequers_serial_rivers_small_b
D:2:      layout_basic
D:3:      layout_basic, roderic_batcave, chequers_avenue
D:4:      layout_basic, evilmike_ruin_ashenzari, nemelex_spade_bored_becter,
          mainiacjoe_overflow_catwalk_spiral, minmay_temple_entry_slanted,
          uniq_crazy_yiuf_cottage
D:5:      layout_layer_cave, kennysheep_mini_moat, uniq_pikel
D:6:      layout_basic, nzn_wu_jian_contemplation, slow_altar_1,
          dancing_weapons_uskayaw, uniq_eustachio
D:7:      layout_basic, hangedman_decor_opposing
D:8:      layout_cave_pools, erik_lair_orcish_takeover, grunt_ministairs_11
D:9:      layout_gridville, regret_index_xom_of_box, orc_0_dummy, minivault_26,
          minmay_misc_feat_chi
D:10:     kennysheep_seaside_town, layout_stronghold,
          palyth_temple_overflow_mages, uniq_snorg, uniq_erica, uniq_sonja
D:11:     layout_rooms, serial_shops, shop, minmay_sticks_and_stones
D:12:     layout_rooms, gauntlet_entry_generic, patterned_corridor
D:13:     layout_basic, david_vaults_4, drop_trap, minmay_misc_feat_square
D:14:     layout_long_grid, corexii_corridor_pit, uniq_roxanne, uniq_agnes,
          uniq_nessos

Skill      XL: |  1  2  3  4  5  6  7  8  9 10 11 12 |
---------------+-------------------------------------+-----
Armour         | 2 3 4 6 7 8 10 | 10.7
Unarmed Combat | 3 |  3.0
Maces & Flails | 1 2 4 5 7 8 |  8.5
Dodging        | 2 3 4 |  4.2
Fighting       | 4 5 6 7 8 9 |  9.5
Stealth        | 1 |  1.4
Axes           | 2 6 9 11 | 11.5
Throwing       | 1 |  1.7

Action                     |  1- 3 |  4- 6 |  7- 9 | 10-12 || total
---------------------------+-------+-------+-------+-------++-------
  Melee: Mace              |    96 |   181 |   298 |       ||   575
         Punch             |       |     3 |     4 |     9 ||    16
         War axe           |       |       |    33 |   475 ||   508
         Headbutt          |       |       |       |    38 ||    38
  Throw: Dart              |       |     3 |     1 |     5 ||     9
         Javelin           |       |       |       |     2 ||     2
 Invoke: Berserk           |     1 |     4 |     8 |    24 ||    37
    Use: Scroll            |     3 |     4 |     6 |    13 ||    26
         Potion            |       |     1 |       |       ||     1
   Stab: Distracted        |       |       |       |     1 ||     1
 Armour: Chain mail        |   103 |   194 |   323 |   137 ||   757
         Plate armour      |       |       |       |   382 ||   382
  Dodge: Dodged            |    51 |   106 |   261 |   402 ||   820

Table legend: (Time is in decaauts)
 A = Elapsed time spent in this place.
 B = Non-inter-level travel time spent in this place.
 C = Inter-level travel time spent in this place.
 D = Time resting spent in this place.
 E = Time spent auto-exploring this place.
 F = Levels seen in this place.
 G = Mean time per level.
                   A        B        C        D        E       F      G
               +--------+--------+--------+--------+--------+-----+--------+
         Total |  15928 |  15353 |    575 |   1906 |      0 |  15 | 1061.9 |
       Dungeon |  15920 |  15345 |    575 |   1906 |      0 |  14 | 1137.1 |
      Gauntlet |      7 |      7 |      0 |      0 |      0 |   1 |    7.0 |
               +--------+--------+--------+--------+--------+-----+--------+

Top non-repeatable levels by time:
    D:10: 1821 daAuts
     D:5: 1766 daAuts
     D:4: 1403 daAuts
     D:7: 1275 daAuts
     D:9: 1224 daAuts
     D:3: 1205 daAuts
     D:8: 1146 daAuts
     D:6: 1119 daAuts
    D:13: 1081 daAuts
     D:1: 1068 daAuts
    D:12: 1037 daAuts
     D:2: 953 daAuts
    D:11: 814 daAuts
Gauntlet: 7 daAuts
    D:14: 2 daAuts
